 Dungeon Crawl Stone Soup version 0.27-a0-1590-g15f69828bf (webtiles) character file.

Game seed: 5709462657063905489

177 Anon1729 the Grasshopper (level 5, -4/41 HPs)
             Began as a Formicid Warper on July 18, 2021.
             Slain by Natasha (7 damage)
             ... on level 4 of the Dungeon.
             The game lasted 00:07:54 (5716 turns).

Anon1729 the Grasshopper (Formicid Warper)          Turns: 5716, Time: 00:07:55

Health: -4/41      AC:  3    Str: 15    XL:     5   Next: 87%
Magic:  9/9        EV: 12    Int: 14    God:
Gold:   86         SH:  0    Dex: 10    Spells: 0/9 levels left

rFire    . . .     SeeInvis +   a - +0 spear
rCold    . . .     Faith    .   (no shield)
rNeg     . . .     Spirit   .   b - +0 leather armour
rPois    .         Reflect  .   (helmet unavailable)
rElec    .         Harm     .   (no cloak)
rCorr    .         Rampage  .   (no gloves)
Will     .....                  (no boots)
Stlth    +.........             (no amulet)
HPRegen  0.13/turn              (no ring)
MPRegen  0.11/turn              (no ring)

@: no status effects
A: permanent stasis, dig shafts and tunnels, antennae 3, four strong arms
a: Dig, Shaft Self


You were on level 4 of the Dungeon.
You visited 1 branch of the dungeon, and saw 4 of its levels.

You collected 245 gold pieces.
You spent 159 gold pieces at shops.

Inventory:

Hand Weapons
 a - a +0 spear (weapon)
 d - a +2 short sword of draining
Missiles
 c - 5 boomerangs of dispersal (quivered)
 o - 43 bolts
Armour
 b - a +0 leather armour (worn)
Jewellery
 e - a ring of willpower
Scrolls
 f - a scroll of silence {unknown}
 g - 3 scrolls of summoning {unknown}
 i - 2 scrolls of enchant weapon {unknown}
 j - 3 scrolls of fear {unknown}
 k - 2 scrolls of brand weapon {unknown}
 n - 6 scrolls of identify {unknown}
 p - a scroll of noise {unknown}
 s - a scroll of magic mapping {unknown}
 t - a scroll of teleportation {unknown}
Potions
 h - a potion of flight {unknown}
 l - 2 potions of ambrosia {unknown}
 m - a potion of lignification {unknown}
 q - 3 potions of curing
 r - a potion of invisibility {unknown}


   Skills:
 + Level 3.1 Fighting
 + Level 2.7 Polearms
 + Level 2.1 Throwing
 + Level 2.3 Armour
 + Level 2.5 Dodging
 + Level 2.7 Spellcasting
 + Level 3.2 Translocations


You couldn't memorise any spells.
You knew the following spells:

 Your Spells              Type           Power      Damage    Failure   Level
a - Teleport Other        Tloc           11%        N/A       22%         3
b - Gell's Gravitas       Tloc           5%         N/A       22%         3
c - Lesser Beckoning      Tloc           5%         N/A       22%         3

Your spell library contained the following spells:

 Spells                   Type           Power      Damage    Failure   Level
 Passwall                 Tmut/Erth      0%         N/A       38%         2
 Manifold Assault         Tloc           11%        N/A       89%         5
 Airstrike                Air            0%         N/A       95%         4
 Summon Lightning Spire   Summ/Air       1%         N/A       95%         4
 Lightning Bolt           Conj/Air       0%         1d11      100%        5
 Invisibility             Hex            0%         N/A       100%        6
 Blink                    Tloc           Unusable   N/A       N/A         2
 Swiftness                Air            Unusable   N/A       N/A         3

Dungeon Overview and Level Annotations

Branches:
Dungeon (4/15)
 Temple: D:4-7

Altars:
Nemelex Xobeh
Okawaru

Shops:
D:1 ***[(   D:4 =[

Annotations:
D:4 3 runed translucent doors, Grinder; Natasha; heinrich's ghost, amateur GnDe


Innate Abilities, Weirdness & Mutations

You cannot be hasted, slowed, berserked, paralysed or teleported.
You can dig through walls and to a lower floor.
You have a pair of large antennae on your head. (SInv)
Your four strong arms can wield two-handed weapons with a shield.


Message History

Natasha zaps a wand.
The puff of flame hits you!
You reach to attack!
You hit Natasha.
Natasha is lightly wounded.
Natasha howls an incantation.
Natasha's front paws start to glow.
You closely miss Natasha.
Natasha is lightly wounded.
Natasha zaps a wand.
The puff of flame hits you.
You hit Natasha.
Natasha is moderately wounded.
Natasha wildly gestures.
You feel disoriented.
Natasha zaps a wand.
The puff of flame misses you.
You hit Natasha.
Natasha is heavily wounded.
Natasha completely misses you.
You hit Natasha.
Natasha is heavily wounded.
Natasha claws you.
You hit Natasha.
Natasha is severely wounded.
Natasha casts a spell at you. The magic dart hits you!
You are too injured to fight recklessly!
You are too injured to fight recklessly!
You are too injured to fight recklessly!
You are too injured to fight recklessly!
You closely miss Natasha.
Natasha is severely wounded.
Natasha zaps a wand.
The puff of flame hits you.
* * * LOW HITPOINT WARNING * * *
You closely miss Natasha.
Natasha is severely wounded.
Natasha zaps a wand.
The puff of flame misses you.
The puff of flame hits the worm!
The worm bites you.
* * * LOW HITPOINT WARNING * * *
You miss Natasha.
Natasha is severely wounded.
Natasha claws you!
You die...

#.########.#### #.# #.#
#.# #.# #.### #.#
####...# #.# #.......
#.# #.##.#.# #######
#h##.#.# #.....#
#@##.#.###.#.#.###
######w##.....'..∩..'..
..w..........###.#.#.###
#######.###### #.....#
#.# ####### #.# ..# ###


You could see a worm and Natasha.

Vanquished Creatures
  A scorpion (D:4)
  A hound (D:4)
  An ufetubus (D:4)
  A worm (D:3)
  2 dart slugs
  5 ball pythons
  10 endoplasms
  A giant cockroach (D:1)
  9 goblins
  5 hobgoblins
  9 jackals
  A quokka (D:1)
  5 bats
  2 frilled lizards
  10 kobolds
  3 rats (D:2)
66 creatures vanquished.

Notes
Turn   | Place    | Note
-------+----------+-------------------------------------------
     0 | D:1      | Anon1729 the Formicid Warper began the quest for the Orb.
     0 | D:1      | Reached XP level 1. HP: 16/16 MP: 3/3
    75 | D:1      | Found Xew Ecikk's General Store.
    79 | D:1      | Found Aciu's Assorted Antiques.
    83 | D:1      | Found Lexoig's Armour Shop.
   168 | D:1      | Reached XP level 2. HP: 18/22 MP: 5/5
   225 | D:1      | Found Ifum Muts's Weapon Shop.
  1050 | D:1      | Reached XP level 3. HP: 26/28 MP: 6/6
  1121 | D:1      | Found a faded altar of an unknown god.
  1467 | D:1      | Found Ampipayl's Assorted Antiques.
  1475 | D:1      | Bought a fizzy white potion for 23 gold pieces
  1475 | D:1      | Bought a glowing golden potion for 23 gold pieces
  2304 | D:2      | Reached XP level 4. HP: 29/34 MP: 7/7
  3188 | D:3      | Found a sparkling altar of Nemelex Xobeh.
  3842 | D:1      | Bought a scroll labelled RULEXO LAEN for 27 gold pieces
  3842 | D:1      | Bought a lumpy purple potion for 24 gold pieces
  3856 | D:1      | Bought a scroll labelled ZUITAC RE HOIDD for 26 gold pieces
  3889 | D:1      | Bought a potion of curing for 36 gold pieces
  3935 | D:4      | Found Sipoimmo's Jewellery Shop.
  3935 | D:4      | Found an iron altar of Okawaru.
  3985 | D:4      | HP: 1/34 [hound (3)]
  3989 | D:4      | Reached XP level 5. HP: 5/40 MP: 8/8
  4745 | D:4      | Found a runed translucent gate.
  4747 | D:4      | Found a runed translucent gate.
  4747 | D:4      | Found a runed translucent gate.
  4892 | D:4      | Noticed Grinder
  5215 | D:3      | Learned a level 3 spell: Teleport Other
  5219 | D:3      | Learned a level 3 spell: Gell's Gravitas
  5223 | D:3      | Learned a level 3 spell: Lesser Beckoning
  5570 | D:4      | Noticed heinrich's ghost (amateur GnDe)
  5688 | D:4      | Found Kudiv's Armour Emporium.
  5705 | D:4      | Noticed Natasha
  5716 | D:4      | Slain by Natasha

Illustrated notes

Levels and vault maps discovered:
D:1:      minmay_arrival_shattered_statue, layout_basic, serial_shops,
          nicolae_shop_trees, shop, nicolae_shop_behind_doors,
          nicolae_lakefront_shop, shop, hellmonk_ecumenical_altar_lost_god,
          roderic_roman_lattice
D:2:      layout_rooms, serial_co_window_serial, co_window_paths_a,
          co_window_of_opportunity_a, co_window_paths_a, co_window_corner_a,
          co_window_paths_a, co_window_paths_b, co_window_unsneaky_path_d,
          co_window_2corner, co_window_unsneaky_path_a,
          co_window_unsneaky_path_a, co_window_broadway_b,
          co_window_unsneaky_path_d, co_window_4corner_a, glass_columns_b,
          glass_columns_c, glass_columns_c, glass_columns_a
D:3:      layout_rooms, overflow_temple_1_default
D:4:      layout_loops_ring, okawaru_metal_pillars_3, ebering_ghost_rock_garden,
          serial_shops, kennysheep_little_box, nicolae_stop_n_shop_1,
          uniq_natasha, uniq_grinder

Skill      XL: |  1  2  3  4  5 |
---------------+----------------+-----
Dodging        | 2 |  2.5
Translocations | 3 |  3.2
Armour         | 2 |  2.3
Fighting       | 3 |  3.1
Throwing       | 2 |  2.1
Polearms       | |  2.7
Spellcasting   | |  2.7

Action                   |  1- 3 |  4- 6 || total
-------------------------+-------+-------++-------
Melee: Spear             |   169 |   131 ||   300
       Short sword       |       |    40 ||    40
 Cast: Teleport Other    |       |     5 ||     5
 Abil: Dig               |       |     9 ||     9
  Use: Potion            |       |     1 ||     1
Armor: Leather armour    |    39 |    49 ||    88
Dodge: Dodged            |    77 |    82 ||   159

Table legend: (Time is in decaauts)
 A = Elapsed time spent in this place.
 B = Non-inter-level travel time spent in this place.
 C = Inter-level travel time spent in this place.
 D = Time resting spent in this place.
 E = Time spent auto-exploring this place.
 F = Levels seen in this place.
 G = Mean time per level.
                   A        B        C        D        E       F      G
               +--------+--------+--------+--------+--------+-----+--------+
         Total |   5750 |   5482 |    268 |   1449 |   3163 |   4 | 1437.5 |
       Dungeon |   5750 |   5482 |    268 |   1449 |   3163 |   4 | 1437.5 |
               +--------+--------+--------+--------+--------+-----+--------+

Top non-repeatable levels by time:
     D:1: 2009 daAuts
     D:2: 1535 daAuts
     D:3: 1152 daAuts
     D:4: 1053 daAuts
